 Dungeon Crawl Stone Soup version 0.28.0-49-g6dfe1f597d (console) character file.

Game seed: 15607050482500887889

65741 Faeu the Severer (level 14, -4/140 HPs)
             Began as a Minotaur Berserker on May 11, 2022.
             Was a High Priest of Trog.
             Slain by a moth of wrath (13 damage)
             ... on level 1 of the Spider Nest.
             The game lasted 02:25:47 (23548 turns).

Faeu the Severer (Minotaur Berserker)              Turns: 23548, Time: 02:25:48

Health: -4/140     AC: 26    Str: 28    XL:     14   Next: 76%
Magic:  0/4        EV: 11    Int:  4    God:    Trog [*****.]
Gold:   1212       SH:  0    Dex: 11    Spells: 13/13 levels left

rFire   + . .      SeeInvis +   a - +5 battleaxe (antimagic) {axe}
rCold   + . .      Faith    .   (shield currently unavailable)
rNeg    . . .      Spirit   +   z - +0 plate armour
rPois   +          Reflect  .   (helmet restricted)
rElec   .          Harm     .   E - scarf {rC+ rF+}
rCorr   .          Rampage  .   U - +0 pair of gloves
Will    ++...                   X - +1 pair of boots
Stlth   ..........              s - amulet "Qocef" {Spirit rPois Regen+ Dex+2 SInv}
HPRegen 1.13/turn               f - +4 ring of protection
MPRegen 0.09/turn               I - ring of willpower

@: no status effects
A: horns 2, retaliatory headbutt
a: Renounce Religion, Berserk, Trog's Hand, Brothers in Arms


You were on level 1 of the Spider Nest.
You worshipped Trog.
Trog was extremely pleased with you.
You visited 4 branches of the dungeon, and saw 20 of its levels.

You collected 1212 gold pieces.


Innate Abilities, Weirdness & Mutations

You have a pair of horns on your head.
You reflexively headbutt those who attack you in melee.


   Skills:
 + Level 17.0 Fighting
 + Level 17.0 Axes
 - Level 7.1 Slings
 + Level 16.8 Armour
 - Level 7.3 Dodging
 - Level 4.8 Evocations


You had 13 spell levels left.
You didn't know any spells.
Your spell library contained the following spells:

 Spells                   Type           Power      Damage    Failure   Level
 Pain                     Necr           0%         1d4       97%         1
 Corpse Rot               Necr/Air       0%         N/A       99%         2
 Sublimation of Blood     Necr           0%         N/A       99%         2
 Wereblood                Tmut           0%         N/A       99%         2
 Dazzling Flash           Conj/Hex       0%         N/A       100%        3
 Ozocubu's Armour         Ice            0%         N/A       100%        3
 Portal Projectile        Hex/Tloc       0%         N/A       100%        3
 Tukima's Dance           Hex            0%         N/A       100%        3
 Anguish                  Hex/Necr       0%         N/A       100%        4
 Dispel Undead            Necr           0%         3d6       100%        4
 Iskenderun's Mystic Bla  Conj/Tloc      0%         2d3       100%        4
 Passage of Golubria      Tloc           0%         N/A       100%        4
 Agony                    Necr           0%         N/A       100%        5
 Blade Hands              Tmut           0%         N/A       100%        5
 Excruciating Wounds      Necr           0%         N/A       100%        5
 Metabolic Englaciation   Hex/Ice        0%         N/A       100%        5
 Silence                  Hex/Air        0%         N/A       100%        5
 Summon Forest            Summ/Tloc      0%         N/A       100%        5
 Summon Mana Viper        Hex/Summ       0%         N/A       100%        5
 Death Channel            Necr           0%         N/A       100%        6
 Simulacrum               Ice/Necr       0%         N/A       100%        6
 Starburst                Conj/Fire      0%         6d3       100%        6
 Summon Cactus Giant      Summ           0%         N/A       100%        6
 Enfeeble                 Hex            0%         N/A       100%        7
 Summon Hydra             Summ           0%         N/A       100%        7
 Lehudib's Crystal Spear  Conj/Erth      0%         10d2      100%        8

Inventory:

Hand Weapons
 a - a +5 antimagic battleaxe (weapon) {axe}
   (Trog gifted it to you on level 6 of the Lair of Beasts)
 b - the +5 hunting sling of Fixation {venom, +Blink rPois Will+ Dex-5, sling}
   (You found it on level 2 of the Lair of Beasts)

   Any ammunition fired from it poisons the flesh of those it strikes.
   Dex:       It affects your dexterity (-5).
   rPois:     It protects you from poison.
   +Blink:    It lets you blink.
   Will:      It increases your willpower.
 F - a +1 vorpal trident {polearm}
   (You took it off an orc warrior on level 6 of the Dungeon)
 K - a +6 dire flail of holy wrath {mace}
   (You took it off Harold on level 8 of the Dungeon)
 P - a +5 long sword of freezing {long}
   (You took it off a wight on level 9 of the Dungeon)
Missiles
 j - 5 curare-tipped darts (quivered) {=fthrowing}
 l - 156 sling bullets
 L - 11 poisoned darts {throwing}
 Y - 5 datura-tipped darts {throwing}
Armour
 m - a +0 cloak
   (You found it on level 2 of the Dungeon)
 z - a +0 plate armour (worn)
   (You took it off an orc warrior on level 4 of the Dungeon)
 E - a scarf of resistance (worn)
   (You found it on level 5 of the Dungeon)
 U - a +0 pair of gloves (worn)
   (You found it on level 11 of the Dungeon)
 X - a +1 pair of boots (worn)
   (You found it on level 5 of the Lair of Beasts)
Jewellery
 e - a ring of poison resistance
   (You found it on level 1 of the Dungeon)
 f - a +4 ring of protection (left hand)
   (You found it on level 11 of the Dungeon)
 k - a +6 ring of intelligence
   (You found it on level 8 of the Dungeon)
 s - the amulet "Qocef" (around neck) {Spirit rPois Regen+ Dex+2 SInv}
   (You found it on level 3 of the Dungeon)

   [amulet of guardian spirit]

   It causes incoming damage to be divided between your reserves of health and
   magic.
   Dex:       It affects your dexterity (+2).
   rPois:     It protects you from poison.
   SInv:      It lets you see invisible.
   Regen:     It increases your rate of health regeneration.
 v - a +4 ring of evasion
   (You found it on level 3 of the Dungeon)
 I - a ring of willpower (right hand)
   (You found it on level 3 of the Lair of Beasts)
 Z - a ring of ice
   (You took it off Fannar on level 3 of the Lair of Beasts)
Wands
 t - a wand of flame (27)
   (You took it off Duvessa on level 4 of the Dungeon)
 x - a wand of polymorph (11)
   (You found it on level 8 of the Dungeon)
 C - a wand of digging (7)
   (You found it on level 5 of the Dungeon)
 J - a wand of iceblast (18)
   (You took it off Pikel on level 7 of the Dungeon)
 M - a wand of paralysis (21)
   (You found it on level 8 of the Dungeon)
 S - a wand of mindburst (3)
   (You found it on level 4 of the Lair of Beasts)
 V - a wand of charming (6)
   (You found it on level 6 of the Lair of Beasts)
Scrolls
 d - 2 scrolls of immolation {!r!r}
 g - 3 scrolls of fog
 i - a scroll of teleportation {@r4}
 p - 3 scrolls of brand weapon
 u - a scroll of summoning
 G - 3 scrolls of enchant armour
 H - 2 scrolls of vulnerability {!r!r}
 N - 3 scrolls of blinking {!r}
 Q - a scroll of holy word {unknown}
 R - a scroll of fear {unknown}
 T - 3 scrolls of magic mapping {!r}
Potions
 n - 2 potions of lignification {!q}
 o - a potion of ambrosia {unknown}
 q - 3 potions of haste {@q3}
 r - 3 potions of heal wounds {@q2}
 w - 2 potions of mutation {!q}
 A - 9 potions of curing {@q1}
 B - 3 potions of attraction {!q}
 D - 5 potions of might
 O - 4 potions of resistance
 W - a potion of cancellation {unknown}
Miscellaneous
 c - a phial of floods
   (You found it on level 1 of the Lair of Beasts)
 h - a box of beasts
   (You found it on level 4 of the Lair of Beasts)

Dungeon Overview and Level Annotations

Branches:
Dungeon (12/15)            Temple (0/1) D:5            Lair (6/6) D:11
  Swamp (1/4) Lair:4       Spider (1/4) Lair:2        Slime (0/5) Lair:5
    Orc: D:9-12

Altars:
Ashenzari
Fedhas
Gozag
Hepliaklqana
Makhleb
Ru
Sif Muna
Uskayaw
Vehumet
Xom
Yredelemnul

Shops:
D:8 (   D:9 *

Portals:
Trove: D:11 (give horn of Geryon)

Annotations:
D:3 1 runed translucent door, spica's ghost, amateur HOBe
D:8 exclusion: ice statue
Lair:1 2 runed translucent doors, Hiroaqie's ghost, journeyman TrMo
Lair:4 1 runed translucent door, exclusion: oklob plant, Wairalebb's ghost, journeyman BaFi

#......########**,* *,******
#.........#**^,,,,* **,,**,,
#......#..#*,,,,,,* *,,,**,,
#......#.##,,,,,,,* **,,,**,,
#......#.#*,,,,,,** *,,,,,*,,
##...^##.#****##### **..,*,,,,
#...###..######...###...**,***
##....#...^.....###.#..##.**
##.#..............#..##.##
##...........y.....#.#...###
#...........@s.....##......##
##...........ss.....##.......#
#..................##.........
##.................#..........
#.................B..........
##...............##..........
####..............##..........
#..#.............###..........
*##..............##...........
#...#...........##...........
#......###.#####.#...........


You could see a radroach, a wolf spider (berserk), a moth of wrath, a culicivora
(berserk) and a tarantella.


Message History

Unknown command. 😨 HP[+1]
The wolf spider hits you but does no damage.
The wolf spider bites you but does no damage. 😨 HP[+1] 😨 HP[+1]
The wolf spider barely misses you.
The wolf spider bites you but does no damage. 😨 HP[+1] 😨 HP[+1]
The wolf spider hits you.
* * * LOW HITPOINT WARNING * * *
The wolf spider bites you but does no damage. 😨 HP[-4]
You take 4 damage, and now have 52/140 hp.
The wolf spider is healed somewhat. 😨 HP[+1]
The wolf spider hits you but does no damage.
The wolf spider bites you but does no damage. 😨 HP[+1] MP[+1]
The tarantella touches you but does no damage. 😨 HP[+1]
The wolf spider hits you but does no damage.
The wolf spider closely misses you. 😨 HP[+1]
The tarantella touches you but does no damage. x2 😨 HP[+1]
The wolf spider is healed somewhat.
The wolf spider closely misses you. You furiously retaliate!
You headbutt the wolf spider.
The wolf spider bites you but does no damage. 😨 HP[+1] 😨 HP[+1] 😨 HP[+2]
You regained 2 hp, and now have 61/140 hp.
The wolf spider's wounds heal themselves! 😨 HP[+1]
A moth of wrath comes into view.
The moth of wrath's fur bristles in rage as it notices you.
The wolf spider hits you but does no damage.
The wolf spider bites you but does no damage.
The tarantella barely misses you. 😨 HP[+1]
The moth of wrath goads the wolf spider on!
The wolf spider goes berserk! 😨 HP[+1]
The wolf spider hits you but does no damage.
The wolf spider bites you but does no damage.
The moth of wrath bites you.
* * * LOW HITPOINT WARNING * * *
The wolf spider hits you.
* * * LOW HITPOINT WARNING * * *
The wolf spider bites you but does no damage. 😨 HP[-5] MP[-1]
You take 5 damage, and now have 59/140 hp.
You lost 1 mp, and now have 2/4 mp.
The wolf spider hits you but does no damage.
The wolf spider bites you.
* * * LOW HITPOINT WARNING * * *
The wolf spider hits you but does no damage.
The wolf spider bites you.
* * * LOW HITPOINT WARNING * * *
The wolf spider hits you but does no damage.
The wolf spider bites you but does no damage.
The culicivora barely misses you. The wolf spider hits you!
* * * LOW HITPOINT WARNING * * *
The wolf spider bites you but does no damage. 😨 HP[-8]
You take 8 damage, and now have 51/140 hp.
The wolf spider hits you!
* * * LOW HITPOINT WARNING * * *
The wolf spider bites you!
* * * LOW HITPOINT WARNING * * *
The moth of wrath bites you but does no damage.
There is a crawl-hole back to the Lair, spattered with blood here. 😱 HP[-21] MP[-1]
You take 21 damage, and now have 30/140 hp.
You lost 1 mp, and now have 1/4 mp.
You feel much better. The wolf spider barely misses you.
You furiously retaliate!
You headbutt the wolf spider!
The wolf spider bites you but does no damage.
The wolf spider hits you!
* * * LOW HITPOINT WARNING * * *
The wolf spider bites you.
* * * LOW HITPOINT WARNING * * *
The culicivora bites you but does no damage.
The moth of wrath goads the culicivora on!
The culicivora goes berserk! 😨 HP[+10]
You regained 10 hp, and now have 40/140 hp.
The wolf spider hits you.
* * * LOW HITPOINT WARNING * * *
The wolf spider barely misses you. The culicivora bites you!!
* * * LOW HITPOINT WARNING * * *
The culicivora draws strength from your injuries!
The tarantella touches you but does no damage.
The wolf spider hits you but does no damage.
The wolf spider closely misses you.
The culicivora bites you but does no damage.
The moth of wrath bites you!
You die...

Skill      XL: |  1  2  3  4  5  6  7  8  9 10 11 12 13 14 |
---------------+-------------------------------------------+-----
Axes           | 4 5 6 8 9 11 13 14 15 17 | 17.0
Fighting       | 4 5 6 8 9 11 13 14 15 17 | 17.0
Armour         | 3 4 5 7 9 11 13 14 15 16 | 16.8
Dodging        | 3 4 5 6 7 |  7.3
Slings         | 2 6 7 |  7.1
Evocations     | 2 4 |  4.8

Action                   |  1- 3 |  4- 6 |  7- 9 | 10-12 | 13-15 || total
-------------------------+-------+-------+-------+-------+-------++-------
Melee: Hand axe          |    76 |    78 |   301 |   576 |   704 ||  1735
       Headbutt          |    13 |    15 |    73 |   134 |   243 ||   478
       Hunting sling     |    12 |       |       |     1 |    48 ||    61
       Dagger            |     1 |    11 |       |       |       ||    12
       Punch             |     1 |     1 |     2 |    11 |    16 ||    31
       Dire flail        |       |       |       |   148 |       ||   148
       Trident           |       |       |       |     7 |     6 ||    13
       Battleaxe         |       |       |       |       |    68 ||    68
 Fire: Hunting sling     |     6 |    19 |    17 |    60 |   118 ||   220
Throw: Dart              |       |       |       |     4 |     7 ||    11
Invok: Berserk           |       |       |     2 |     6 |     5 ||    13
Evoke: Wand              |       |       |     2 |     1 |     2 ||     5
       Box of beasts     |       |       |       |     1 |       ||     1
  Use: Potion            |       |     1 |       |       |     2 ||     3
       Scroll            |       |       |     3 |    11 |     7 ||    21
 Stab: Sleeping          |     1 |     1 |       |       |       ||     2
Armor: Animal skin       |    23 |     9 |       |       |       ||    32
       Chain mail        |       |    15 |    10 |       |       ||    25
       Plate armour      |       |       |    99 |   381 |   532 ||  1012
Dodge: Dodged            |    53 |    53 |   178 |   444 |   394 ||  1122

Levels and vault maps discovered:
D:1:      dpeg_arrival_rhombi, layout_loops_ring,
          hellmonk_ecumenical_altar_zigzags, amcnicky_mini_pool_small
D:2:      layout_loops_ring, basic_altar, kennysheep_generic_room_3
D:3:      layout_basic, chequers_temple_overflow_minitemple,
          ebering_ghost_inner_flame, uniq_terence, uniq_natasha, uniq_grinder
D:4:      layout_gridville, nicolae_hepliaklqana_hazy_memory, uniq_duvessa
D:5:      layout_layer_cave, minmay_temple_entry_junction_2, minmay_crossroads,
          uniq_blork_the_orc
D:6:      minmay_chambers_of_threes, layout_basic, grunt_gozag_breadcrumbs
D:7:      layout_basic, lemuel_doored_altar, kennysheep_mini,
          mainiacjoe_overflow_alcove_1, uniq_pikel, uniq_menkaure
D:8:      minmay_statue_hallways, layout_basic,
          grunt_temple_overflow_champion_of_chaos, serial_shops, shop,
          st_stairs_5, uniq_joseph, uniq_harold
D:9:      layout_grid_maze, serial_shops, shop
D:10:     layout_basic
D:11:     layout_roguey, minmay_lair_entry_grove, nicolae_trove_entry_crossroad
D:12:     layout_rooms, zombieorc2_lemuel, nzn_ghost_randoct,
          minmay_misc_feat_plants, evilmike_butchery, uniq_sonja, uniq_nergalle
Lair:1:   layout_gridlike, ebering_ghost_disaster_area, grunt_megastairs_3,
          infiniplex_staircase_pool_2
Lair:2:   layout_chaotic_city, hellmonk_spider_entry_not_the_bees
Lair:3:   layout_hall_layers, basic_altar, nicolae_lair_grazing_beasts
          [nicolae_sub_lair_graze_edge, nicolae_sub_lair_graze_edge,
          nicolae_sub_lair_graze_edge, nicolae_sub_lair_graze_edge], uniq_fannar
Lair:4:   minmay_lair_oklob_tunnel, layout_misc_corridors, swamp_mist,
          ebering_ghost_xom
Lair:5:   layout_big_grid, slime_dummy, beast_lair_carwin_3, grunt_megastairs_5,
          uniq_nessos
Lair:6:   hangedman_lair_in_review, layout_layer_cave, guppyfry_lair_end_dragon,
          basic_altar
Swamp:1:  layout_basic_swamp, hangedman_swamp_ruin_wall
Spider:1: layout_chambers, drop_trap

Notes
Turn   | Place    | Note
-------+----------+-------------------------------------------
     0 | D:1      | Faeu the Minotaur Berserker began the quest for the Orb.
     0 | D:1      | Reached XP level 1. HP: 19/19 MP: 0/0
     0 | D:1      | magus.rc [v1.9.6]
   181 | D:1      | Reached XP level 2. HP: 24/27 MP: 1/1
   318 | D:1      | Found a faded altar of an unknown god.
   453 | D:1      | Reached skill level 4 in Axes
   522 | D:1      | Reached skill level 4 in Fighting
   903 | D:1      | Reached ** piety under Trog
   906 | D:1      | Reached XP level 3. HP: 33/33 MP: 2/2
   977 | D:2      | Reached skill level 3 in Armour
  1425 | D:2      | HP: 6/33 [goblin/+1 dagger of electrocution (13)]
  1427 | D:2      | HP: 2/33 [adder (2)]
  1722 | D:2      | Reached skill level 3 in Dodging
  1890 | D:2      | Found a shimmering altar of Xom.
  1906 | D:2      | Reached XP level 4. HP: 40/41 MP: 3/3
  2230 | D:3      | Noticed Natasha
  2242 | D:3      | Killed Natasha
  2628 | D:3      | Identified the amulet "Qocef" {Spirit rPois Regen+ Dex+2
                  | SInv}
  2638 | D:3      | Noticed Terence
  2650 | D:3      | Killed Terence
  2651 | D:3      | Reached XP level 5. HP: 47/47 MP: 4/4
  2696 | D:3      | Noticed Grinder
  2698 | D:3      | Paralysed by Grinder for 7 turns
  2712 | D:3      | Killed Grinder
  2713 | D:3      | Reached skill level 5 in Fighting
  2713 | D:3      | Reached skill level 5 in Axes
  2713 | D:3      | Reached skill level 4 in Armour
  2713 | D:3      | Reached skill level 4 in Dodging
  2713 | D:3      | Reached XP level 6. HP: 50/56 MP: 5/5
  3126 | D:3      | Noticed Natasha
  3138 | D:3      | Killed Natasha
  3238 | D:3      | Noticed Natasha
  3243 | D:3      | Killed Natasha
  3281 | D:3      | Found a shimmering blue altar of Sif Muna.
  3281 | D:3      | Found a radiant altar of Vehumet.
  3289 | D:3      | Found a broken altar of Ashenzari.
  3291 | D:3      | Found a blossoming altar of Fedhas.
  3293 | D:3      | Found a sacrificial altar of Ru.
  3334 | D:3      | Found a runed translucent door.
  3335 | D:3      | Noticed spica's ghost (amateur HOBe)
  3423 | D:4      | Noticed Dowan
  3424 | D:4      | Noticed Duvessa
  3639 | D:4      | Killed Dowan
  3653 | D:4      | Killed Duvessa
  3654 | D:4      | Reached skill level 5 in Armour
  3654 | D:4      | Reached XP level 7. HP: 24/62 MP: 1/6
  3698 | D:4      | Reached skill level 6 in Fighting
  3698 | D:4      | Reached skill level 6 in Axes
  3785 | D:4      | Reached skill level 5 in Dodging
  4008 | D:4      | You pick up a book of Blood {forbidden} and begin
                  | reading...
  4008 | D:4      | You add the spells Sublimation of Blood, Wereblood and
                  | Summon Hydra to your library.
  4332 | D:4      | Found a hazy altar of Hepliaklqana.
  4533 | D:5      | Entered Level 5 of the Dungeon
  4592 | D:5      | Noticed Blork the orc
  4595 | D:5      | Killed Blork the orc
  4595 | D:5      | Reached *** piety under Trog
  4721 | D:5      | Found a staircase to the Ecumenical Temple.
  4737 | D:5      | Reached XP level 8. HP: 70/71 MP: 7/7
  4740 | D:5      | Reached skill level 6 in Armour
  4852 | D:5      | You pick up a book of Spectacle {forbidden} and begin
                  | reading...
  4852 | D:5      | You add the spells Dazzling Flash, Iskenderun's Mystic
                  | Blast and Starburst to your library.
  5151 | D:5      | Reached skill level 7 in Fighting
  5180 | D:5      | Reached skill level 7 in Axes
  5555 | D:6      | Reached skill level 6 in Dodging
  5609 | D:6      | Reached skill level 7 in Armour
  5625 | D:6      | HP: 27/109 [orc warrior/+1 vorpal trident (3)]
  5723 | D:6      | Found an opulent altar of Gozag.
  5847 | D:6      | Reached skill level 8 in Fighting
  5847 | D:6      | Reached skill level 8 in Axes
  5847 | D:6      | Reached XP level 9. HP: 67/81 MP: 6/8
  6186 | D:6      | Reached skill level 7 in Dodging
  6480 | D:6      | You pick up a book of Weapons {forbidden} and begin
                  | reading...
  6480 | D:6      | You add the spells Portal Projectile, Excruciating Wounds
                  | and Blade Hands to your library.
  6789 | D:7      | Reached skill level 8 in Armour
  6924 | D:7      | Found a hide-covered altar of Uskayaw.
  6963 | D:7      | Found a basalt altar of Yredelemnul.
  7014 | D:7      | Noticed Pikel
  7039 | D:7      | Killed Pikel
  7040 | D:7      | Reached skill level 9 in Fighting
  7040 | D:7      | Reached skill level 9 in Axes
  7124 | D:7      | Reached **** piety under Trog
  7125 | D:7      | Reached skill level 9 in Armour
  7235 | D:7      | Noticed a two-headed ogre
  7252 | D:8      | Noticed Joseph
  7266 | D:8      | Killed Joseph
  7267 | D:8      | Reached XP level 10. HP: 92/92 MP: 6/9
  7412 | D:8      | Found Wah Ating's Weapon Boutique.
  7563 | D:8      | Noticed Harold
  7583 | D:8      | Killed Harold
  7584 | D:8      | Reached skill level 10 in Fighting
  7584 | D:8      | Reached skill level 10 in Axes
  7860 | D:8      | You pick up a book of Decay {forbidden} and begin
                  | reading...
  7860 | D:8      | You add the spells Corpse Rot, Dispel Undead and Death
                  | Channel to your library.
  7919 | D:8      | Reached skill level 10 in Armour
  7998 | D:8      | Found a shimmering altar of Xom.
  7998 | D:8      | Found a burning altar of Makhleb.
  8113 | D:8      | Noticed an ice statue
  8768 | D:9      | Reached skill level 11 in Fighting
  8768 | D:9      | Reached skill level 11 in Axes
  9122 | D:9      | Found Golol's General Store.
  9344 | D:9      | Reached skill level 11 in Armour
  9550 | D:9      | Reached XP level 11. HP: 101/102 MP: 10/10
  9726 | D:10     | Entered Level 10 of the Dungeon
  9846 | D:10     | Reached ***** piety under Trog
 10271 | D:10     | Noticed a two-headed ogre
 10277 | D:10     | Killed a two-headed ogre
 10661 | D:11     | Found a portal to a secret trove of treasure.
 10667 | D:11     | This trove needs the horn of Geryon to function. Give it
                  | the item?
 10682 | D:11     | Reached skill level 12 in Fighting
 10694 | D:11     | Reached skill level 12 in Axes
 10891 | D:11     | Found a staircase to the Lair.
 10909 | D:11     | Received a gift from Trog
 10910 | D:11     | Reached skill level 12 in Armour
 11075 | D:11     | Noticed a sun demon
 11596 | Lair:1   | Entered Level 1 of the Lair of Beasts
 11648 | Lair:1   | Found a large runed translucent door.
 11649 | Lair:1   | Found a large runed translucent door.
 11650 | Lair:1   | Noticed Hiroaqie's ghost (journeyman TrMo)
 11951 | Lair:2   | Noticed a lindwurm
 11960 | Lair:2   | Killed a lindwurm
 11961 | Lair:2   | Reached skill level 13 in Fighting
 11961 | Lair:2   | Reached skill level 13 in Axes
 12228 | Lair:1   | Noticed a four-headed hydra
 12394 | Lair:2   | Reached skill level 13 in Armour
 12394 | Lair:2   | Reached XP level 12. HP: 78/115 MP: 2/11
 12511 | Lair:2   | Noticed a catoblepas
 12583 | Lair:3   | Noticed Fannar
 12629 | Lair:2   | Identified the +5 hunting sling of Fixation {venom, +Blink
                  | rPois Will+ Dex-5}
 12739 | Lair:2   | Found a hole to the Spider Nest.
 13555 | Lair:1   | Killed a four-headed hydra
 13556 | Lair:1   | Reached skill level 14 in Fighting
 13704 | Lair:1   | Reached skill level 14 in Axes
 13975 | Lair:1   | Noticed a four-headed hydra
 14007 | Lair:1   | Killed a five-headed hydra
 14419 | D:12     | Noticed a two-headed ogre
 14746 | Lair:3   | Noticed an eight-headed hydra
 14942 | Lair:3   | Killed Fannar
 14943 | Lair:3   | Reached skill level 14 in Armour
 15103 | Lair:3   | Found a shimmering altar of Xom.
 15140 | Lair:3   | Noticed a catoblepas
 15326 | Lair:4   | Reached skill level 1 in Slings
 15356 | Lair:4   | Noticed a four-headed hydra
 15372 | Lair:4   | Killed a four-headed hydra
 15373 | Lair:4   | Reached skill level 1 in Evocations
 15407 | Lair:4   | Noticed a death yak
 15407 | Lair:4   | Noticed a death yak
 15440 | Lair:4   | Noticed a death yak
 15441 | Lair:4   | Noticed a death yak
 15441 | Lair:4   | Noticed a death yak
 15460 | Lair:3   | Killed a death yak
 15461 | Lair:3   | Reached skill level 2 in Slings
 15517 | Lair:3   | Killed an eight-headed hydra
 15545 | Lair:3   | Reached skill level 2 in Evocations
 15590 | Lair:3   | Reached XP level 13. HP: 121/125 MP: 4/12
 15889 | Lair:3   | Reached skill level 3 in Slings
 16085 | Lair:3   | You pick up a book of Pain {forbidden} and begin reading...
 16085 | Lair:3   | You add the spells Pain and Agony to your library.
 16396 | Lair:3   | Reached skill level 15 in Fighting
 16452 | Lair:3   | Reached skill level 15 in Axes
 16525 | Lair:4   | Reached skill level 3 in Evocations
 16716 | Lair:4   | Found a staircase to the Swamp.
 17034 | Lair:3   | Reached skill level 4 in Slings
 17164 | Lair:4   | Found a runed translucent door.
 17166 | Lair:4   | Found a shimmering altar of Xom.
 17166 | Lair:4   | Noticed Wairalebb's ghost (journeyman BaFi)
 17221 | Lair:4   | Reached skill level 15 in Armour
 17760 | Lair:5   | Received a gift from Trog
 17814 | Lair:5   | Reached skill level 4 in Evocations
 17829 | Lair:5   | Reached skill level 5 in Slings
 18052 | Lair:5   | Noticed Nessos
 18289 | Lair:5   | HP: 31/127 [Nessos/arrow (3)]
 18294 | Lair:4   | HP: 21/127 [poisoned by Nessos]
 18299 | Lair:4   | HP: 22/127 [poisoned by Nessos]
 18437 | Lair:5   | X - a +5 triple sword {longrare=g}
 18920 | Lair:5   | You pick up a book of Winter {forbidden} and begin
                  | reading...
 18920 | Lair:5   | You add the spells Ozocubu's Armour, Metabolic Englaciation
                  | and Simulacrum to your library.
 19107 | Lair:5   | Found a staircase to the Slime Pits.
 19108 | Lair:5   | You drop a +5 triple sword {longrare=g}.
 19109 | Lair:5   | X - a +5 triple sword {longrare=g}
 19110 | Lair:5   | You drop a +5 triple sword {longrare=g}.
 19329 | Lair:5   | Could not pick up a +5 triple sword {longrare=g} here;
                  | ([A]lways) ignore it?
 19329 | Lair:5   | Could not pick up a +5 triple sword {longrare=g} here;
                  | ([A]lways) ignore it?
 19329 | Lair:5   | Could not pick up a +5 triple sword {longrare=g} here;
                  | ([A]lways) ignore it?
 19359 | Lair:6   | Entered Level 6 of the Lair of Beasts
 19359 | Lair:6   | Found a radiant altar of Vehumet.
 19676 | Lair:5   | Reached skill level 6 in Slings
 19681 | Lair:5   | Reached XP level 14. HP: 118/136 MP: 4/13
 20353 | Lair:6   | Reached skill level 16 in Fighting
 20401 | Lair:6   | Reached skill level 16 in Axes
 20793 | Lair:6   | Reached skill level 16 in Armour
 20798 | Lair:6   | Reached skill level 7 in Slings
 20972 | Lair:6   | You pick up a book of Maledictions {forbidden} and begin
                  | reading...
 20972 | Lair:6   | You add the spells Tukima's Dance, Anguish and Enfeeble to
                  | your library.
 21058 | Lair:6   | magus.rc [v1.9.6]
 21789 | Lair:6   | You pick up a book of the Wilderness {forbidden} and begin
                  | reading...
 21789 | Lair:6   | You add the spells Summon Forest, Summon Mana Viper and
                  | Summon Cactus Giant to your library.
 22273 | Lair:6   | Received a gift from Trog
 22317 | Lair:6   | You pick up a book of the Moon {forbidden} and begin
                  | reading...
 22317 | Lair:6   | You add the spells Passage of Golubria, Silence and
                  | Lehudib's Crystal Spear to your library.
 22358 | Lair:6   | You pick up a book of Weapons {forbidden} and begin
                  | reading...
 22809 | Lair:4   | Killed Nessos
 23115 | Swamp:1  | Entered Level 1 of the Swamp
 23115 | Swamp:1  | Noticed a tentacled monstrosity
 23185 | Spider:1 | Entered Level 1 of the Spider Nest
 23260 | Spider:1 | Reached skill level 17 in Axes
 23264 | Spider:1 | Reached skill level 17 in Fighting
 23466 | Spider:1 | Noticed an emperor scorpion
 23546 | Spider:1 | HP: 30/140 [wolf spider (9)]
 23548 | Spider:1 | HP: 9/140 [culicivora (26)]
 23548 | Spider:1 | Slain by a moth of wrath

Vanquished Creatures
  Nessos (Lair:4)
  A fire dragon (Lair:6)
  Fannar (Lair:3)
  Harold (D:8)
  7 hydras
  3 catoblepae
  A two-headed ogre (D:10)
  A radroach (Spider:1)
  14 death yaks
  A steelbarb worm (Spider:1)
  A swamp dragon (Lair:6)
  Pikel (D:7)
  2 lindwurms
  A cyclops (D:11)
  An oklob plant (Lair:4)
  22 elephants
  10 black mambas
  Joseph (D:8)
  An unseen horror (D:9)
  9 cane toads
  A kobold demonologist (D:11)
  2 demonic crawlers
  7 rime drakes
  13 komodo dragons
  A meliai (Lair:2)
  Grinder (D:3)
  4 trolls
  A tarantella (Spider:1)
  A hornet (D:9)
  18 blink frogs
  A meliai zombie (D:11)
  2 dream sheep (Lair:6)
  A jumping spider (Spider:1)
  2 shadows
  A culicivora (Spider:1)
  4 wyverns
  2 steam dragons
  35 yaks
  6 basilisks
  5 vampire mosquitoes
  8 redbacks (Spider:1)
  22 water moccasins
  Duvessa (D:4)
  4 orc warriors
  3 swamp drakes (Lair:6)
  A necrophage (D:5)
  A sky beast (D:6)
  2 hornet zombies (D:7)
  2 black bears
  6 ogres
  7 centaurs
  24 wolves
  A lemure (D:7)
  A phantom (D:5)
  5 kobold brigands
  4 scorpions
  Blork the orc (D:5)
  6 bullfrogs
  A water moccasin skeleton (D:7)
  13 killer bees
  An electric eel (Lair:1)
  8 wights
  2 howler monkeys
  4 bullfrog zombies
  A crimson imp (D:8)
  4 hounds
  4 orc priests
  2 gnoll shamans
  3 jellies (D:6)
  Natasha (thrice) (D:3)
  10 iguanas
  Terence (D:3)
  13 orc wizards
  A hound skeleton (D:5)
  11 gnolls
  4 adders
  2 shadow imps (D:6)
  A white imp (D:6)
  A worm (D:2)
  4 dart slugs
  16 orcs
  6 bats
  13 endoplasms
  4 giant cockroaches
  6 goblins
  2 hobgoblins (D:2)
  6 jackals
  A quokka (D:4)
  4 ball pythons
  2 frilled lizards
  14 kobolds
  4 rats
459 creatures vanquished.

Vanquished Creatures (collateral kills)
  A cane toad (Lair:4)
  A water moccasin (Lair:4)
2 creatures vanquished.

Vanquished Creatures (others)
  A cane toad (Lair:5)
  A tarantella (Spider:1)
  A blink frog (Lair:6)
  Dowan (D:4)
  A bush (Lair:3)
  43 fungi
  156 plants
204 creatures vanquished.

Grand Total: 665 creatures vanquished

Table legend:
 A = Non-vault XP
 B = Vault XP
 C = Vault XP percentage of total XP
 D = Non-vault monster count
 E = Vault monster count
 F = Vault count percentage of total count
                 A         B        C        D         E       F
            +---------+---------+-------+---------+---------+-------
      Total |   63800 |   30117 |  32.1 |     353 |     110 |  23.8
            +---------+---------+-------+---------+---------+-------
        D:1 |      42 |       0 |   0.0 |      23 |       0 |   0.0
        D:2 |      66 |       4 |   5.7 |      15 |       2 |  11.8
        D:3 |     124 |     359 |  74.3 |      18 |       3 |  14.3
        D:4 |     332 |     202 |  37.8 |      15 |       2 |  11.8
        D:5 |     317 |     353 |  52.7 |       6 |       4 |  40.0
        D:6 |     842 |     854 |  50.4 |      15 |      12 |  44.4
        D:7 |    1101 |     629 |  36.4 |      19 |       1 |   5.0
        D:8 |    1407 |    1531 |  52.1 |      23 |       6 |  20.7
        D:9 |    3363 |       0 |   0.0 |      27 |       0 |   0.0
       D:10 |    1905 |       0 |   0.0 |      13 |       0 |   0.0
       D:11 |    2552 |    2330 |  47.7 |      20 |      13 |  39.4
       D:12 |     553 |       0 |   0.0 |       3 |       0 |   0.0
     Lair:1 |    2085 |     943 |  31.1 |       7 |       2 |  22.2
     Lair:2 |    7501 |     682 |   8.3 |      32 |       6 |  15.8
     Lair:3 |   11299 |    1732 |  13.3 |      35 |       2 |   5.4
     Lair:4 |    7840 |    4054 |  34.1 |      18 |      13 |  41.9
     Lair:5 |    7726 |    1900 |  19.7 |      25 |       5 |  16.7
     Lair:6 |   10628 |   14544 |  57.8 |      25 |      39 |  60.9
   Spider:1 |    4117 |       0 |   0.0 |      14 |       0 |   0.0
            +---------+---------+-------+---------+---------+-------

Illustrated notes

Table legend:
 A = Kills in this place as a percentage of kills in entire the game.
 B = Kills by you in this place as a percentage of kills by you in the entire game.
 C = Kills by friends in this place as a percentage of kills by friends in the entire game.
 D = Other kills in this place as a percentage of other kills in the entire game.
 E = Experience gained in this place as a percentage of experience gained in the entire game.
 F = Experience gained in this place divided by the number of levels of this place that you have seen.
                   A       B       C       D       E      F
               +-------+-------+-------+-------+-------+----------------------
         Total | 100.0 | 100.0 | 100.0 | 100.0 | 100.0 | 4695.9
       Dungeon |  51.8 |  52.2 |   0.0 |  33.3 |  20.1 | 1572.2
          Lair |  45.1 |  44.8 | 100.0 |  66.7 |  75.5 | 11822.3
   Spider Nest |   3.0 |   3.1 |   0.0 |   0.0 |   4.4 | 4117.0
               +-------+-------+-------+-------+-------+----------------------

Table legend: (Time is in decaauts)
 A = Elapsed time spent in this place.
 B = Non-inter-level travel time spent in this place.
 C = Inter-level travel time spent in this place.
 D = Time resting spent in this place.
 E = Time spent auto-exploring this place.
 F = Levels seen in this place.
 G = Mean time per level.
                   A        B        C        D        E       F      G
               +--------+--------+--------+--------+--------+-----+--------+
         Total |  23236 |  22560 |    676 |   2953 |   9415 |  20 | 1161.8 |
       Dungeon |  11927 |  11523 |    404 |    934 |   7425 |  12 |  993.9 |
          Lair |  10981 |  10711 |    270 |   1986 |   1912 |   6 | 1830.2 |
         Swamp |      1 |      1 |      0 |      0 |      0 |   1 |    1.0 |
   Spider Nest |    325 |    325 |      0 |     32 |     78 |   1 |  325.0 |
               +--------+--------+--------+--------+--------+-----+--------+

Top non-repeatable levels by time:
  Lair:6: 3154 daAuts
  Lair:4: 2382 daAuts
  Lair:2: 1848 daAuts
     D:3: 1597 daAuts
  Lair:3: 1434 daAuts
     D:8: 1410 daAuts
     D:6: 1275 daAuts
  Lair:5: 1150 daAuts
    D:11: 1127 daAuts
     D:9: 1066 daAuts
    D:10: 1043 daAuts
  Lair:1: 1011 daAuts
     D:4: 991 daAuts
     D:2: 983 daAuts
     D:1: 976 daAuts
